 Dungeon Crawl Stone Soup version 0.27-a0-955-gb57c80000f (webtiles) character file.

Game seed: 7362915418920932308

2 Morbidden the Insei (level 1, -2/17 HPs)
             Began as a Djinni Transmuter on Apr 12, 2021.
             Slain by a quokka (5 damage)
             ... on level 1 of the Dungeon.
             The game lasted 00:00:17 (197 turns).

Morbidden the Insei (Djinni Transmuter)              Turns: 197, Time: 00:00:18

Health: -2/17      AC:  2    Str:  9    XL:     1   Next: 40%
Gold:   0          EV: 12    Int: 14    God:
                   SH:  0    Dex: 13

rFire    + + .     SeeInvis .     - Unarmed
rCold    x . .     Faith    .   (no shield)
rNeg     . . .     Spirit   .   a - +0 robe
rPois    ∞         Reflect  .   (no helmet)
rElec    .         Harm     .   (no cloak)
rCorr    .         Rampage  .   (no gloves)
Will     .....                  (boots unavailable)
Stlth    +.........             (no amulet)
HPRegen  0.05/turn              (no ring)
MPRegen  0.00/turn              (no ring)

@: flying
A: fire resistance 2, cold vulnerability 1, float, innate caster, hp casting,
extra vitality 1
a: no special abilities


You were on level 1 of the Dungeon.
You visited 1 branch of the dungeon, and saw 1 of its levels.

Inventory:

Armour
 a - a +0 robe (worn)


   Skills:
 * Level 1.0 Fighting
 + Level 2.2 Dodging
 + Level 3.1 Unarmed Combat
 * Level 1.8 Spellcasting


You couldn't memorise any spells.
You knew the following spells:

 Your Spells              Type           Power      Damage    Failure   Level
a - Beastly Appendage     Tmut           12%        N/A       12%         1
b - Wereblood             Tmut           6%         N/A       17%         2
c - Spider Form           Tmut/Pois      3%         N/A       34%         3
d - Ice Form              Ice/Tmut       6%         N/A       75%         4
e - Hydra Form            Tmut           3%         N/A       97%         5
Your spell library was empty.

Dungeon Overview and Level Annotations

Branches:
Dungeon (1/15)

Altars:


Innate Abilities, Weirdness & Mutations

You are immune to poison.
Your flesh is very heat resistant. (rF++)
You are vulnerable to cold. (rC-)
You float through the air rather than walking.
You learn spells naturally, not from books.
Your magical power is your life essence.
You have superior vitality. (+4 HP)


Message History

You kill the bat!
No target in view!
Your transformation is almost over.
Your horns disappear.
A hobgoblin comes into view.
You see here a bat corpse.
A hobgoblin is nearby!
Unknown command.
Found 13 gold pieces.
A dart slug comes into view.
A quokka and a kobold come into view.
A giant cockroach comes into view.
The hobgoblin shouts!
You hear an angry hiss.
You hear a shout!
A ball python comes into view.
Found a dagger.
The hobgoblin hits you.
A hobgoblin comes into view.
Found 3 javelins and a murky orange potion.
You barely miss the hobgoblin. The hobgoblin hits you.
The kobold shouts!
You hit the hobgoblin.
The hobgoblin is severely wounded.
You hear a shout!
The hobgoblin hits you. The quokka bites you. x2
* * * LOW HITPOINT WARNING * * *
The giant cockroach closely misses you.
You see here a ruby potion.
You see here a bat corpse.
You hit the quokka.
The quokka is moderately wounded.
The quokka closely misses you. The quokka barely misses you.
You barely miss the quokka.
The quokka is lightly wounded.
The quokka bites you.
* * * LOW HITPOINT WARNING * * *
You barely miss the quokka.
The quokka is lightly wounded.
The quokka bites you.
You die...

#.......... ...
#.......... ##..####
#.......... ......#
#.......... #..#.#
#....$..... #.#.#
#.......... #...#
#..........
#######..#####SK........
.......)..@rBwgg........
#..#####.########.......
###. #.# ....... ##...
##.## .......
...#.####...# ......(
#....8.....# .....).
#.##...##...# ......!
##.##..#.# #'# .....#


You could see a dart slug, a quokka, a giant cockroach, 2 hobgoblins, a ball
python and a kobold.

Vanquished Creatures
  A giant cockroach (D:1)
  A bat (D:1)
  A kobold (D:1)
3 creatures vanquished.

Notes
Turn   | Place    | Note
-------+----------+-------------------------------------------
     0 | D:1      | Morbidden the Djinni Transmuter began the quest for the
                  | Orb.
     0 | D:1      | Reached XP level 1. HP: 17/17 MP: 0/0
   197 | D:1      | Slain by a quokka

Illustrated notes

Levels and vault maps discovered:
D:1:      grunt_arrival_crossed_arrows, layout_basic,
          hellmonk_ecumenical_altar_prayer_group

Action                   || total
-------------------------++-------
Melee: Unarmed           ||    17
 Cast: Beastly Appendage ||     3
Armor: Robe              ||     2
Dodge: Dodged            ||    12

Table legend: (Time is in decaauts)
 A = Elapsed time spent in this place.
 B = Non-inter-level travel time spent in this place.
 C = Inter-level travel time spent in this place.
 D = Time resting spent in this place.
 E = Time spent auto-exploring this place.
 F = Levels seen in this place.
 G = Mean time per level.
                   A        B        C        D        E       F      G
               +--------+--------+--------+--------+--------+-----+--------+
         Total |    196 |    196 |      0 |      0 |    157 |   1 |  196.0 |
       Dungeon |    196 |    196 |      0 |      0 |    157 |   1 |  196.0 |
               +--------+--------+--------+--------+--------+-----+--------+

Top non-repeatable levels by time:
     D:1: 196 daAuts
